 Dungeon Crawl Stone Soup version 0.30.0-20-g3615ddf2f0 (webtiles) character file.

Game seed: 10712115575943156240

75973 qw the Severer (level 15, -6/96 HPs)
             Began as a Gargoyle Fighter on May 28, 2023.
             Was an Elder of Okawaru.
             Killed from afar by a fire dragon (38 damage)
             ... with a blast of flame
             ... on level 15 of the Dungeon.
             The game lasted 00:09:22 (19593 turns).

qw the Severer (Gargoyle Fighter)                  Turns: 19593, Time: 00:09:23

Health: -6/96      AC: 40    Str: 31    XL:     15   Next: 51%
Magic:  22/22      EV: 11    Int: 11    God:    Okawaru [****..]
Gold:   879        SH: 13    Dex: 11    Spells: 14/14 levels left

rFire   . . .        k - +4 war axe (spect)
rCold   + . .        p - +0 kite shield
rNeg    + + .        y - +0 plate armour
rPois   inf          n - +1 helmet
rElec   +            c - +1 cloak
rCorr   .            q - +2 pair of gloves
SInv    .            h - +1 pair of boots
Will    +....        b - amulet of regeneration Stlth
                     w - ring of Xom's Passing Interest {rPois rC+ rN+ Dex+2 Stlth-}
HPRegen 1.16/turn    D - +6 ring of strength
MPRegen 0.18/turn

%: no passive effects
@: about to teleport, heroic, flying
A: sickness immunity, AC +11, big wings, negative energy resistance 1,
electricity resistance, torment resistance 1, petrification resistance,
deterioration 1
a: Renounce Religion, Heroism, Finesse


You were on level 15 of the Dungeon.
You worshipped Okawaru.
Okawaru was greatly pleased with you.
You visited 3 branches of the dungeon, and saw 21 of its levels.

You collected 1362 gold pieces.
You spent 483 gold pieces at shops.


Innate Abilities, Weirdness & Mutations

You are immune to sickness and miasma.
Your stone body is resilient. (AC +11)
You are immune to poison.
Your large and strong wings let you fly.
You resist negative energy. (rN+)
You are resistant to electric shocks. (rElec)
You are resistant to unholy torment.
You are immune to petrification.
Your body sometimes deteriorates upon taking damage.


   Skills:
 - Level 12.0(17.0) Fighting
 - Level 16.0(21.0) Axes
 - Level 5.2(10.2) Throwing
 + Level 11.4(16.4) Armour
 - Level 3.0(8.0) Dodging
 - Level 12.2(17.2) Shields
 - Level 10.1 Invocations


You had 14 spell levels left.
You didn't know any spells.
Your spell library was empty.

Inventory:

Hand Weapons
 k - a +4 spectral war axe (weapon)
 B - a +2 war axe of flaming
Missiles
 f - a boomerang
 A - 2 javelins (quivered)
 C - a silver boomerang
Armour
 c - a +1 cloak (worn)
 h - a +1 pair of boots (worn)
 n - a +1 helmet (worn)
 p - a +0 kite shield (worn)
 q - a +2 pair of gloves (worn)
 x - the +0 pair of boots of Disappointment {rN+ rCorr Dex-4}
   (Okawaru gifted it to you on level 3 of the Lair of Beasts)

   Dex:       It affects your dexterity (-4).
   rN:        It protects you from negative energy.
   rCorr:     It protects you from acid and corrosion.
 y - a +0 plate armour (worn)
Jewellery
 b - an amulet of regeneration (around neck)
 u - a ring of ice
 w - the ring of Xom's Passing Interest (left hand) {rPois rC+ rN+ Dex+2 Stlth-}
   (You found it on level 5 of the Lair of Beasts)

   [ring of positive energy]

   Dex:       It affects your dexterity (+2).
   rC:        It protects you from cold.
   rPois:     It protects you from poison.
   rN:        It protects you from negative energy.
   Stlth:     It makes you less stealthy.
 z - a ring of willpower
 D - a +6 ring of strength (right hand)
 E - a ring of protection from fire
 Y - a ring of protection from fire
Wands
 o - a wand of digging (4)
Scrolls
 m - 12 scrolls of identify
 r - 5 scrolls of teleportation
 t - a scroll of brand weapon
Potions
 a - a potion of haste
 d - 8 potions of might
 e - a potion of magic
 g - 6 potions of heal wounds
 i - 9 potions of curing
 j - 4 potions of lignification
 l - 7 potions of mutation
 s - 3 potions of attraction
 v - a potion of cancellation

Dungeon Overview and Level Annotations

Branches:
Dungeon (15/15)            Temple (1/1) D:6            Lair (5/5) D:10
  Swamp (0/4) Lair:2        Snake (0/4) Lair:2        Slime (0/5) Lair:5
    Orc (0/2) D:10         Vaults (0/5) D:14
 Depths: D:15

Altars:
Ashenzari
Cheibriados
Dithmenos
Elyvilon
Fedhas
Gozag
Hepliaklqana
Kikubaaqudgha
Makhleb
Nemelex Xobeh
Okawaru
Qazlal
Ru
Sif Muna
Trog
Uskayaw
Vehumet
Wu Jian
Xom
Yredelemnul
Zin
The Shining One
Jiyva

Shops:
D:6 [   D:10 :[

Annotations:
D:5 3 runed translucent doors, qw's ghost, amateur GrFi
D:8 6 transporters
Lair:4 1 runed translucent door, Vufrucs's ghost, journeyman DrTm


Message History

You hit the fire dragon.
The fire dragon is moderately wounded.
You barely miss the fire dragon.
Your +4 spectral war axe hits the fire dragon!
The fire dragon bites you but does no damage.
The fire dragon claws you but does no damage.
You block the fire dragon's attack. The fire dragon breathes flames at you.
The blast of flame hits you!
You slash the fire dragon!
The fire dragon is heavily wounded.
You slash the fire dragon!
Your +4 spectral war axe hits the fire dragon!
You chop the fire dragon into pieces!!!
You kill the fire dragon!
Okawaru accepts your kill.
The fire dragon scales are intact enough to wear.
You barely miss the fire dragon.
Your +4 spectral war axe barely misses the fire dragon.
The fire dragon bites you but does no damage.
The fire dragon closely misses you. x2
You slash the fire dragon!
The fire dragon is moderately wounded.
Your +4 spectral war axe hits the fire dragon!!
The fire dragon bites your +4 spectral war axe!
Your spectral weapon shares its damage with you!
The fire dragon claws your +4 spectral war axe.
Your spectral weapon shares its damage with you!
The fire dragon closely misses your +4 spectral war axe.
19592 ||| READING 6 scrolls of teleportation.
As you read the scroll of teleportation, it crumbles to dust.
You feel strangely unstable.
Your +4 spectral war axe disappears.
The fire dragon bites you. You block the fire dragon's attack.
The fire dragon tramples you.
You hold your ground!
19593 ||| DRINKING 7 potions of heal wounds.
You feel much better. The fire dragon breathes flames at you.
The blast of flame hits you!!!
You die...

.........................#
.............#.##.......#
............#..##......##
.......................##
........[..............##
..#......########<.....###
##..8.###.$$$$##........
##...##D......##.......
##...@[# #%%.....
#####....... #.......
#.$$$$# ........ ######
........ .......##
......## .......<


You could see a fire dragon (catching breath).

Vanquished Creatures
  Gastronok (D:8)
  4 dire elephants
  Snorg (D:14)
  A fire dragon (D:15)
  Harold (Lair:2)
  5 hydras
  An ogre mage (D:14)
  Erolcha (D:10)
  2 boulder beetles
  4 centaur warriors
  7 two-headed ogres
  2 death yaks (Lair:5)
  2 tengu warriors
  A skyshark (Lair:2)
  3 skeletal warriors (D:14)
  A spectral death yak (Lair:5)
  Amaemon (D:11)
  A spectral anaconda (Lair:5)
  An obsidian statue (Lair:5)
  Pikel (D:8)
  3 deep elf pyromancers
  A lindwurm (Lair:5)
  5 necromancers
  A will-o-the-wisp (Lair:2)
  A manticore (D:14)
  24 elephants
  4 cyclopes
  A dire elephant zombie (Lair:5)
  2 black mambas
  An orange demon (D:11)
  A torpor snail (Lair:3)
  14 cane toads
  A kobold demonologist (D:12)
  Psyche (D:8)
  4 komodo dragons
  An efreet (D:14)
  3 tengu conjurers
  2 unseen horrors
  6 trolls
  A meliai (shapeshifter) (D:14)
  3 meliai (D:14)
  2 hornets
  3 polar bears
  28 blink frogs
  6 dream sheep
  2 water elementals (D:13)
  4 wraiths
  10 wyverns
  A shadow (D:12)
  4 basilisks
  2 vampires
  3 steam dragons
  44 yaks
  5 vampire mosquitoes
  An acid dragon (D:12)
  29 water moccasins
  6 black bears
  A swamp drake (Lair:4)
  An ice beast (D:8)
  An orc warrior (D:7)
  2 elephant zombies (Lair:5)
  7 wolves (Lair:3)
  10 centaurs
  An elephant skeleton (Lair:5)
  4 kobold brigands
  10 bullfrogs
  10 wights
  15 killer bees
  2 howler monkeys (D:12)
  5 electric eels
  5 hounds
  6 orc priests
  9 iguanas
  A sleepcap (D:6)
  7 orc wizards
  A yak simulacrum (Lair:4)
  4 polar bear simulacra (Lair:4)
  2 wolf simulacra (Lair:4)
  8 gnolls
  14 adders
  An ufetubus (D:3)
  A worm (D:2)
  A dart slug (D:3)
  22 orcs
  3 bats
  5 endoplasms
  4 giant cockroaches
  9 goblins
  8 hobgoblins
  3 quokkas
  7 ball pythons
  3 frilled lizards
  24 kobolds
  8 rats
  4 river rat simulacra (Lair:4)
500 creatures vanquished.

Vanquished Creatures (others)
  4 foxfires (Lair:2)
  9 spectral weapons
13 creatures vanquished.

Grand Total: 513 creatures vanquished

Notes
Turn   | Place    | Note
-------+----------+-------------------------------------------
     0 | D:1      | qw the Gargoyle Fighter began the quest for the Orb.
     0 | D:1      | Reached XP level 1. HP: 14/14 MP: 1/1
     0 | D:1      | 0 ||| qw: Version: 0.2-a-101-gf8a7cd0
     0 | D:1      | 0 ||| qw: Game counter: 268
     0 | D:1      | 0 ||| qw: Always use a shield: true
     0 | D:1      | 0 ||| qw: God list: Okawaru
     0 | D:1      | 0 ||| qw: Allow faded altars: false
     0 | D:1      | 0 ||| qw: Do Orc after D:15 true
     0 | D:1      | 0 ||| qw: Do second Lair branch before Depths: true
     0 | D:1      | 0 ||| qw: Lair rune preference: random
     0 | D:1      | 0 ||| qw: Plans: Normal, Zot:1-4, Slime:5, God:TSO, Crypt,
                  | Tomb, Pan, Hells, Abyss, Win
     0 | D:1      | 0 ||| PLANNING D:1-11
    23 | D:1      | Reached skill level 2 in Axes
   125 | D:1      | Reached XP level 2. HP: 19/19 MP: 2/2
   410 | D:1      | Found a faded altar of an unknown god.
   757 | D:1      | 757 ||| READING scroll labelled KUSIRA SILA.
   758 | D:1      | 758 ||| READING scroll labelled KUATAL FUES.
   759 | D:1      | 759 ||| READING scroll labelled LUKLAIMAOC.
   760 | D:1      | 760 ||| READING scroll labelled UTSAFE NINUNNY.
   761 | D:1      | 761 ||| READING scroll labelled FOEKLUESCHY.
   762 | D:1      | 762 ||| READING 2 scrolls labelled NOGEES XINOE.
   763 | D:1      | 763 ||| READING scroll labelled HILYFU UHUI.
   876 | D:2      | Reached skill level 3 in Axes
   957 | D:2      | Reached XP level 3. HP: 19/23 MP: 3/3
  1328 | D:2      | 1328 ||| Stepping ~*~*~tactically~*~*~ (hiding).
  1329 | D:2      | 1329 ||| Stepping ~*~*~tactically~*~*~ (hiding).
  1511 | D:2      | Reached XP level 4. HP: 28/28 MP: 4/4
  1522 | D:2      | 1522 ||| DROPPING +0 club.
  1612 | D:2      | Reached skill level 4 in Axes
  1799 | D:2      | 1799 ||| UPGRADING to +1 pair of boots.
  1804 | D:2      | 1804 ||| UPGRADING to +0 kite shield.
  1814 | D:2      | 1814 ||| DROPPING +0 buckler.
  1815 | D:2      | 1815 ||| DROPPING ring of magical power.
  1816 | D:2      | 1816 ||| READING 3 scrolls labelled AHITHI EGUI.
  1817 | D:2      | 1817 ||| DRINKING 2 fuming green potions.
  1817 | D:2      | Gained mutation: Your body sometimes deteriorates upon
                  | taking damage. [potion of mutation]
  1818 | D:2      | 1818 ||| READING 3 scrolls of identify.
  1818 | D:2      | 1818 ||| IDENTIFYING fuming black potion
  1819 | D:2      | 1819 ||| READING 2 scrolls of identify.
  1819 | D:2      | 1819 ||| IDENTIFYING coppery potion
  1820 | D:2      | 1820 ||| DROPPING potion of flight.
  1821 | D:2      | 1821 ||| DROPPING potion of berserk rage.
  1822 | D:2      | 1822 ||| DROPPING 2 scrolls of blinking.
  1897 | D:3      | 1897 ||| Stepping ~*~*~tactically~*~*~ (hiding).
  1899 | D:3      | 1899 ||| Stepping ~*~*~tactically~*~*~ (hiding).
  1930 | D:3      | 1930 ||| Stepping ~*~*~tactically~*~*~ (stealth).
  1957 | D:3      | 1957 ||| Stepping ~*~*~tactically~*~*~ (stealth).
  2006 | D:3      | HP: 6/28 [orc priest/nerve-wracking pain (5)]
  2006 | D:3      | HP: 2/28 [orc priest/nerve-wracking pain (4)]
  2008 | D:3      | Reached XP level 5. HP: 2/32 MP: 5/5
  2209 | D:3      | 2209 ||| Stepping ~*~*~tactically~*~*~ (stealth).
  2213 | D:3      | 2213 ||| Stepping ~*~*~tactically~*~*~ (stealth).
  2215 | D:3      | 2215 ||| Stepping ~*~*~tactically~*~*~ (stealth).
  2223 | D:3      | 2223 ||| Stepping ~*~*~tactically~*~*~ (stealth).
  2236 | D:3      | 2236 ||| Stepping ~*~*~tactically~*~*~ (stealth).
  2380 | D:3      | 2380 ||| Stepping ~*~*~tactically~*~*~ (hiding).
  2383 | D:3      | 2383 ||| Stepping ~*~*~tactically~*~*~ (hiding).
  2384 | D:3      | 2384 ||| Stepping ~*~*~tactically~*~*~ (hiding).
  2698 | D:3      | 2698 ||| READING 3 scrolls of identify.
  2698 | D:3      | 2698 ||| IDENTIFYING blue potion
  2699 | D:3      | 2699 ||| READING 2 scrolls of identify.
  2699 | D:3      | 2699 ||| IDENTIFYING smoky grey potion
  2883 | D:4      | 2883 ||| READING scroll of enchant weapon.
  2883 | D:4      | 2883 ||| ENCHANTING +1 spectral war axe.
  3002 | D:4      | 3002 ||| Stepping ~*~*~tactically~*~*~ (hiding).
  3004 | D:4      | 3004 ||| Stepping ~*~*~tactically~*~*~ (hiding).
  3010 | D:4      | 3010 ||| Stepping ~*~*~tactically~*~*~ (stealth).
  3011 | D:4      | 3011 ||| Stepping ~*~*~tactically~*~*~ (stealth).
  3018 | D:4      | Reached XP level 6. HP: 35/37 MP: 6/6
  3280 | D:4      | 3280 ||| Stepping ~*~*~tactically~*~*~ (stealth).
  3942 | D:4      | 3942 ||| UPGRADING to +0 chain mail.
  3952 | D:4      | 3952 ||| DROPPING +0 scale mail.
  3953 | D:4      | 3953 ||| READING scroll labelled ROIMAZ WEMN.
  3954 | D:4      | 3954 ||| READING 2 scrolls of identify.
  3954 | D:4      | 3954 ||| IDENTIFYING dark potion
  3955 | D:4      | 3955 ||| DROPPING potion of degeneration.
  3997 | D:5      | Entered Level 5 of the Dungeon
  4029 | D:5      | Reached skill level 5 in Axes
  4047 | D:5      | Found an ancient bone altar of Kikubaaqudgha.
  4047 | D:5      | Noticed a black bear
  4054 | D:5      | Killed a black bear
  4057 | D:5      | Reached XP level 7. HP: 40/44 MP: 7/7
  4463 | D:5      | Found a runed translucent gate.
  4463 | D:5      | Found a runed translucent gate.
  4465 | D:5      | Found a runed translucent gate.
  4465 | D:5      | Noticed qw's ghost (amateur GrFi)
  4528 | D:5      | 4528 ||| UPGRADING to +1 cloak.
  4533 | D:5      | 4533 ||| UPGRADING to ring of protection from fire.
  4549 | D:6      | Reached skill level 6 in Axes
  4580 | D:6      | Reached skill level 6 in Shields
  4584 | D:6      | Reached skill level 1 in Dodging
  4584 | D:6      | Reached XP level 8. HP: 46/48 MP: 8/8
  4634 | D:6      | Noticed a hornet
  4635 | D:6      | 4635 ||| Stepping ~*~*~tactically~*~*~ (stealth).
  4637 | D:6      | 4637 ||| Stepping ~*~*~tactically~*~*~ (stealth).
  4649 | D:6      | HP: 12/48 [hornet (4)]
  4651 | D:6      | Killed a hornet
  4652 | D:6      | Reached skill level 7 in Axes
  4801 | D:6      | Found an ancient bone altar of Kikubaaqudgha.
  4810 | D:6      | Found a staircase to the Ecumenical Temple.
  4811 | D:6      | 4811 ||| PLANNING TEMPLE
  4811 | D:6      | 4811 ||| READING scroll labelled ENKUMO SISUGIE.
  4814 | D:6      | 4814 ||| FLEEEEING.
  4815 | D:6      | 4815 ||| FLEEEEING.
  4816 | D:6      | 4816 ||| FLEEEEING.
  4826 | D:6      | 4826 ||| STAIRDANCE
  4856 | D:5      | 4856 ||| DRINKING 3 green potions.
  4857 | D:5      | 4857 ||| READING 3 scrolls of identify.
  4857 | D:5      | 4857 ||| IDENTIFYING grey potion
  4890 | Temple   | Entered the Ecumenical Temple
  4891 | Temple   | 4891 ||| PLANNING OKAWARU WORSHIP
  4898 | Temple   | Became a worshipper of Warmaster Okawaru
  4898 | Temple   | 4898 ||| PLANNING D:1-11
  5087 | D:6      | Found Yraxzov's Armour Shoppe.
  5101 | D:6      | 5101 ||| BUYING +0 helmet (54 gold).
  5101 | D:6      | Bought a +0 helmet for 54 gold pieces
  5101 | D:6      | 5101 ||| BUYING +0 pair of gloves (54 gold).
  5101 | D:6      | Bought a +0 pair of gloves for 54 gold pieces
  5101 | D:6      | 5101 ||| SHOPLISTING +0 plate armour (276 gold, have 154).
  5101 | D:6      | 5101 ||| SHOPLISTING +2 cloak (198 gold, have 154).
  5141 | D:6      | Reached skill level 8 in Axes
  5203 | D:6      | Reached XP level 9. HP: 48/54 MP: 9/9
  5310 | D:6      | Found a snail-covered altar of Cheibriados.
  5310 | D:6      | Found a glowing silver altar of Zin.
  5376 | D:6      | 5376 ||| UPGRADING to +0 helmet.
  5381 | D:6      | 5381 ||| UPGRADING to +0 pair of gloves.
  5386 | D:6      | 5386 ||| READING scroll labelled NAS DOPYISYEFY.
  5528 | D:7      | 5528 ||| DROPPING +0 flail.
  5538 | D:7      | Reached * piety under Okawaru
  5539 | D:7      | Reached skill level 6 in Fighting
  5638 | D:7      | Reached skill level 1 in Invocations
  5679 | D:7      | 5679 ||| INVOKING Heroism.
  6128 | D:7      | 6128 ||| READING scroll of enchant weapon.
  6128 | D:7      | 6128 ||| ENCHANTING +2 spectral war axe.
  6230 | D:7      | 6230 ||| Stepping ~*~*~tactically~*~*~ (hiding).
  6235 | D:7      | 6235 ||| INVOKING Heroism.
  6453 | D:7      | 6453 ||| DROPPING +6 ring of intelligence.
  6454 | D:7      | 6454 ||| READING scroll labelled YROVAEXK UGOOB.
  6474 | D:8      | 6474 ||| Stepping ~*~*~tactically~*~*~ (hiding).
  6475 | D:8      | 6475 ||| Stepping ~*~*~tactically~*~*~ (stealth).
  6476 | D:8      | 6476 ||| Stepping ~*~*~tactically~*~*~ (hiding).
  6477 | D:8      | 6477 ||| Stepping ~*~*~tactically~*~*~ (hiding).
  6478 | D:8      | 6478 ||| Stepping ~*~*~tactically~*~*~ (hiding).
  6491 | D:8      | Noticed Pikel
  6492 | D:8      | 6492 ||| INVOKING Heroism.
  6499 | D:8      | Reached skill level 3 in Invocations
  6501 | D:8      | Killed Pikel
  6536 | D:8      | Noticed a troll
  6537 | D:8      | 6537 ||| INVOKING Heroism.
  6543 | D:8      | Killed a troll
  6594 | D:8      | Found a transporter.
  6631 | D:8      | Noticed Psyche
  6632 | D:8      | 6632 ||| INVOKING Heroism.
  6642 | D:8      | Killed Psyche
  6643 | D:8      | Reached skill level 9 in Axes
  6643 | D:8      | Reached XP level 10. HP: 58/60 MP: 11/13
  6674 | D:8      | 6674 ||| Stepping ~*~*~tactically~*~*~ (hiding).
  6698 | D:8      | Found a transporter.
  6705 | D:8      | Found a transporter.
  6721 | D:8      | Found a transporter.
  6728 | D:8      | Found a transporter.
  6733 | D:8      | Noticed Gastronok
  6734 | D:8      | 6734 ||| INVOKING Heroism.
  6745 | D:8      | Killed Gastronok
  6789 | D:8      | 6789 ||| Stepping ~*~*~tactically~*~*~ (hiding).
  6791 | D:8      | 6791 ||| Stepping ~*~*~tactically~*~*~ (hiding).
  6917 | D:8      | 6917 ||| Stepping ~*~*~tactically~*~*~ (stealth).
  6953 | D:8      | Reached ** piety under Okawaru
  7081 | D:8      | Found a transporter.
  7127 | D:8      | 7127 ||| Stepping ~*~*~tactically~*~*~ (hiding).
  7178 | D:8      | 7178 ||| Stepping ~*~*~tactically~*~*~ (stealth).
  7184 | D:8      | Reached skill level 6 in Armour
  7201 | D:8      | Reached skill level 9 in Shields
  7368 | D:8      | 7368 ||| READING scroll labelled POHER NIOWKAETEANT.
  7369 | D:8      | 7369 ||| READING 4 scrolls of identify.
  7369 | D:8      | 7369 ||| IDENTIFYING bubbling dark potion
  7370 | D:8      | 7370 ||| READING 3 scrolls of identify.
  7370 | D:8      | 7370 ||| IDENTIFYING fuming ruby potion
  7371 | D:8      | 7371 ||| DROPPING potion of brilliance.
  7559 | D:9      | Noticed a two-headed ogre
  7560 | D:9      | 7560 ||| INVOKING Heroism.
  7569 | D:9      | Killed a two-headed ogre
  7715 | D:9      | 7715 ||| Stepping ~*~*~tactically~*~*~ (stealth).
  7716 | D:9      | 7716 ||| Stepping ~*~*~tactically~*~*~ (stealth).
  7739 | D:9      | 7739 ||| Stepping ~*~*~tactically~*~*~ (stealth).
  7741 | D:9      | 7741 ||| Stepping ~*~*~tactically~*~*~ (stealth).
  7743 | D:9      | 7743 ||| Stepping ~*~*~tactically~*~*~ (hiding).
  7745 | D:9      | 7745 ||| Stepping ~*~*~tactically~*~*~ (hiding).
  7760 | D:9      | Reached skill level 10 in Axes
  7796 | D:9      | 7796 ||| INVOKING Heroism.
  7798 | D:9      | Reached skill level 1 in Throwing
  7798 | D:9      | Reached XP level 11. HP: 69/69 MP: 11/14
  7835 | D:9      | 7835 ||| Stepping ~*~*~tactically~*~*~ (stealth).
  7848 | D:9      | Reached *** piety under Okawaru
  8067 | D:9      | Found a sacrificial altar of Ru.
  8189 | D:9      | Noticed a two-headed ogre
  8190 | D:9      | 8190 ||| INVOKING Heroism.
  8195 | D:9      | Killed a two-headed ogre
  8229 | D:10     | Entered Level 10 of the Dungeon
  8245 | D:10     | 8245 ||| READING scroll of enchant armour.
  8245 | D:10     | 8245 ||| ENCHANTING +0 pair of gloves.
  8273 | D:10     | 8273 ||| Stepping ~*~*~tactically~*~*~ (hiding).
  8274 | D:10     | Noticed Erolcha
  8275 | D:10     | 8275 ||| DRINKING 2 potions of curing.
  8275 | D:10     | 8275 ||| (to cure confusion)
  8276 | D:10     | 8276 ||| Stepping ~*~*~tactically~*~*~ (hiding).
  8279 | D:10     | Reached skill level 11 in Axes
  8280 | D:10     | 8280 ||| INVOKING Heroism.
  8286 | D:10     | Killed Erolcha
  8323 | D:10     | Found a staircase to the Lair.
  8324 | D:10     | 8324 ||| Stepping ~*~*~tactically~*~*~ (stealth).
  8339 | D:10     | 8339 ||| INVOKING Heroism.
  8414 | D:10     | Found Lidd's Antique Armour Shop.
  8426 | D:10     | Found Wuato's Book Shop.
  8429 | D:10     | 8429 ||| INVOKING Heroism.
  8438 | D:10     | 8438 ||| Stepping ~*~*~tactically~*~*~ (stealth).
  8439 | D:10     | 8439 ||| Stepping ~*~*~tactically~*~*~ (stealth).
  8485 | D:10     | 8485 ||| BUYING embroidered scarf (200 gold).
  8485 | D:10     | Bought an embroidered scarf for 200 gold pieces
  8485 | D:10     | 8485 ||| SHOPLISTING glowing scarf (200 gold, have 179).
  8485 | D:10     | 8485 ||| SHOPLISTING heavily runed chain mail (237 gold,
                  | have 179).
  8485 | D:10     | 8485 ||| SHOPLISTING pair of embroidered gloves (187 gold,
                  | have 179).
  8485 | D:10     | 8485 ||| SHOPLISTING plate armour (575 gold, have 179).
  8485 | D:10     | 8485 ||| BUYING shiny scale mail (175 gold).
  8485 | D:10     | Bought a shiny scale mail for 175 gold pieces
  8579 | D:10     | Found a staircase to the Orcish Mines.
  8666 | D:10     | Found a hazy altar of Hepliaklqana.
  9029 | D:10     | 9029 ||| PLANNING LAIR
  9029 | D:10     | 9029 ||| DROPPING scarf of invisibility.
  9030 | D:10     | 9030 ||| READING scroll labelled BIONYN YROCUIPH.
  9030 | D:10     | Identified a scroll of acquirement
  9030 | D:10     | 9030 ||| ACQUIRING ring of ice
  9030 | D:10     | Acquired a ring of ice
  9088 | Lair:1   | Entered Level 1 of the Lair of Beasts
  9179 | Lair:1   | Received a gift from Okawaru
  9214 | Lair:1   | 9214 ||| INVOKING Heroism.
  9216 | Lair:1   | Reached skill level 9 in Fighting
  9236 | Lair:1   | Reached **** piety under Okawaru
  9240 | Lair:1   | 9240 ||| INVOKING Heroism.
  9271 | Lair:1   | 9271 ||| FLEEEEING.
  9272 | Lair:1   | 9272 ||| FLEEEEING.
  9273 | Lair:1   | 9273 ||| FLEEEEING.
  9274 | Lair:1   | 9274 ||| FLEEEEING.
  9275 | Lair:1   | 9275 ||| FLEEEEING.
  9276 | Lair:1   | 9276 ||| FLEEEEING.
  9278 | Lair:1   | 9278 ||| FLEEEEING.
  9279 | Lair:1   | 9279 ||| FLEEEEING.
  9280 | Lair:1   | 9280 ||| FLEEEEING.
  9281 | Lair:1   | 9281 ||| FLEEEEING.
  9283 | Lair:1   | 9283 ||| FLEEEEING.
  9284 | Lair:1   | 9284 ||| FLEEEEING.
  9295 | Lair:1   | 9295 ||| FLEEEEING.
  9297 | Lair:1   | 9297 ||| FLEEEEING.
  9298 | Lair:1   | 9298 ||| FLEEEEING.
  9299 | Lair:1   | 9299 ||| FLEEEEING.
  9300 | Lair:1   | 9300 ||| FLEEEEING.
  9301 | Lair:1   | 9301 ||| FLEEEEING.
  9302 | Lair:1   | 9302 ||| FLEEEEING.
  9310 | Lair:1   | 9310 ||| FLEEEEING.
  9311 | Lair:1   | 9311 ||| FLEEEEING.
  9312 | Lair:1   | 9312 ||| FLEEEEING.
  9313 | Lair:1   | 9313 ||| FLEEEEING.
  9314 | Lair:1   | 9314 ||| FLEEEEING.
  9315 | Lair:1   | 9315 ||| FLEEEEING.
  9316 | Lair:1   | 9316 ||| FLEEEEING.
  9317 | Lair:1   | 9317 ||| FLEEEEING.
  9318 | Lair:1   | 9318 ||| FLEEEEING.
  9319 | Lair:1   | 9319 ||| FLEEEEING.
  9320 | Lair:1   | 9320 ||| FLEEEEING.
  9321 | Lair:1   | 9321 ||| FLEEEEING.
  9323 | Lair:1   | 9323 ||| STAIRDANCE
  9397 | Lair:1   | 9397 ||| STAIRDANCE
  9571 | Lair:1   | Received a gift from Okawaru
 10185 | Lair:1   | 10185 ||| DROPPING amulet of guardian spirit.
 10186 | Lair:1   | 10186 ||| READING 6 scrolls of identify.
 10186 | Lair:1   | 10186 ||| IDENTIFYING yellow potion
 10240 | Lair:2   | 10240 ||| INVOKING Heroism.
 10243 | Lair:2   | Reached XP level 12. HP: 76/76 MP: 12/15
 10273 | Lair:2   | 10273 ||| FLEEEEING.
 10274 | Lair:2   | 10274 ||| FLEEEEING.
 10275 | Lair:2   | 10275 ||| FLEEEEING.
 10276 | Lair:2   | 10276 ||| STAIRDANCE
 10310 | Lair:2   | Reached skill level 12 in Axes
 10356 | Lair:2   | 10356 ||| Stepping ~*~*~tactically~*~*~ (hiding).
 10475 | Lair:2   | 10475 ||| Stepping ~*~*~tactically~*~*~ (stealth).
 10478 | Lair:2   | 10478 ||| INVOKING Heroism.
 10482 | Lair:2   | Reached skill level 6 in Invocations
 10484 | Lair:2   | 10484 ||| Stepping ~*~*~tactically~*~*~ (stealth).
 10520 | Lair:2   | Noticed Harold
 10521 | Lair:2   | 10521 ||| FLEEEEING.
 10562 | Lair:2   | 10562 ||| INVOKING Heroism.
 10567 | Lair:2   | Found a staircase to the Swamp.
 10577 | Lair:2   | Killed Harold
 10599 | Lair:2   | 10599 ||| FLEEEEING.
 10600 | Lair:2   | 10600 ||| FLEEEEING.
 10601 | Lair:2   | 10601 ||| FLEEEEING.
 10602 | Lair:2   | 10602 ||| FLEEEEING.
 10603 | Lair:2   | 10603 ||| FLEEEEING.
 10604 | Lair:2   | 10604 ||| FLEEEEING.
 10605 | Lair:2   | 10605 ||| FLEEEEING.
 10606 | Lair:2   | 10606 ||| FLEEEEING.
 10607 | Lair:2   | 10607 ||| STAIRDANCE
 10616 | Lair:1   | 10616 ||| FLEEEEING.
 10617 | Lair:1   | 10617 ||| FLEEEEING.
 10618 | Lair:1   | 10618 ||| FLEEEEING.
 10620 | Lair:1   | 10620 ||| FLEEEEING.
 10622 | Lair:1   | 10622 ||| FLEEEEING.
 10623 | Lair:1   | 10623 ||| FLEEEEING.
 10656 | Lair:1   | 10656 ||| INVOKING Heroism.
 10707 | Lair:2   | 10707 ||| INVOKING Heroism.
 10740 | Lair:2   | Found a staircase to the Snake Pit.
 11132 | Lair:2   | Noticed a skyshark
 11142 | Lair:2   | Killed a skyshark
 11425 | Lair:3   | 11425 ||| INVOKING Heroism.
 11593 | Lair:3   | Reached ***** piety under Okawaru
 11595 | Lair:3   | Reached skill level 9 in Invocations
 11634 | Lair:3   | 11634 ||| INVOKING Heroism.
 11650 | Lair:3   | Received a gift from Okawaru
 11660 | Lair:3   | 11660 ||| INVOKING Heroism.
 11664 | Lair:3   | Reached XP level 13. HP: 82/82 MP: 17/20
 11737 | Lair:3   | 11737 ||| INVOKING Heroism.
 11893 | Lair:3   | Noticed a dire elephant
 11894 | Lair:3   | 11894 ||| INVOKING Heroism.
 11903 | Lair:3   | Killed a dire elephant
 12048 | Lair:3   | 12048 ||| Stepping ~*~*~tactically~*~*~ (stealth).
 12060 | Lair:3   | 12060 ||| INVOKING Heroism.
 12096 | Lair:3   | Identified the +0 pair of boots of Disappointment {rN+
                  | rCorr Dex-4} (Okawaru gifted it to you on level 3 of the
                  | Lair of Beasts)
 12096 | Lair:3   | Received a gift from Okawaru
 12097 | Lair:3   | 12097 ||| INVOKING Heroism.
 12103 | Lair:3   | Reached skill level 13 in Axes
 12372 | Lair:3   | 12372 ||| INVOKING Heroism.
 12373 | Lair:3   | 12373 ||| INVOKING Finesse.
 12374 | Lair:3   | 12374 ||| SWAPPING to +4 morningstar.
 12385 | Lair:3   | 12385 ||| SWAPPING to +3 spectral war axe.
 12591 | Lair:3   | 12591 ||| UPGRADING to ring of willpower.
 12592 | Lair:3   | 12592 ||| READING scroll labelled MUFUIC BAPLY.
 12707 | Lair:4   | Found a runed translucent door.
 12708 | Lair:4   | Noticed Vufrucs's ghost (journeyman DrTm)
 12929 | Lair:4   | 12929 ||| INVOKING Heroism.
 12931 | Lair:4   | 12931 ||| SWAPPING to +4 morningstar.
 12943 | Lair:4   | 12943 ||| SWAPPING to +3 spectral war axe.
 13098 | Lair:4   | 13098 ||| INVOKING Heroism.
 13162 | Lair:4   | 13162 ||| Stepping ~*~*~tactically~*~*~ (stealth).
 13185 | Lair:4   | 13185 ||| Stepping ~*~*~tactically~*~*~ (stealth).
 13186 | Lair:4   | 13186 ||| Stepping ~*~*~tactically~*~*~ (stealth).
 13187 | Lair:4   | 13187 ||| Stepping ~*~*~tactically~*~*~ (stealth).
 13191 | Lair:4   | 13191 ||| Stepping ~*~*~tactically~*~*~ (stealth).
 13196 | Lair:4   | Reached skill level 9 in Armour
 13244 | Lair:4   | 13244 ||| Stepping ~*~*~tactically~*~*~ (water).
 13283 | Lair:4   | 13283 ||| INVOKING Heroism.
 13287 | Lair:4   | 13287 ||| DROPPING +0 scale mail of cold resistance.
 13288 | Lair:4   | 13288 ||| Stepping ~*~*~tactically~*~*~ (water).
 13318 | Lair:4   | 13318 ||| Stepping ~*~*~tactically~*~*~ (stealth).
 13567 | Lair:4   | 13567 ||| READING scroll of enchant armour.
 13567 | Lair:4   | 13567 ||| ENCHANTING +1 pair of gloves.
 13692 | Lair:4   | 13692 ||| Stepping ~*~*~tactically~*~*~ (hiding).
 13806 | Lair:4   | 13806 ||| INVOKING Heroism.
 13877 | Lair:4   | 13877 ||| UPGRADING to +0 plate armour.
 13887 | Lair:4   | 13887 ||| DROPPING +0 chain mail.
 13888 | Lair:4   | 13888 ||| READING scroll labelled ALISEBB QEMATZ.
 13912 | Lair:5   | Entered Level 5 of the Lair of Beasts
 13947 | Lair:5   | 13947 ||| Stepping ~*~*~tactically~*~*~ (stealth).
 14008 | Lair:5   | 14008 ||| INVOKING Heroism.
 14010 | Lair:5   | 14010 ||| Stepping ~*~*~tactically~*~*~ (stealth).
 14013 | Lair:5   | 14013 ||| SWAPPING to +4 morningstar.
 14022 | Lair:5   | 14022 ||| SWAPPING to +3 spectral war axe.
 14190 | Lair:5   | 14190 ||| Stepping ~*~*~tactically~*~*~ (hiding).
 14228 | Lair:5   | 14228 ||| Stepping ~*~*~tactically~*~*~ (stealth).
 14258 | Lair:5   | 14258 ||| Stepping ~*~*~tactically~*~*~ (stealth).
 14259 | Lair:5   | 14259 ||| Stepping ~*~*~tactically~*~*~ (stealth).
 14278 | Lair:5   | 14278 ||| FLEEEEING.
 14279 | Lair:5   | 14279 ||| FLEEEEING.
 14357 | Lair:5   | 14357 ||| Stepping ~*~*~tactically~*~*~ (stealth).
 14371 | Lair:5   | Reached skill level 14 in Axes
 14416 | Lair:5   | Noticed a dire elephant
 14416 | Lair:5   | Noticed a dire elephant
 14417 | Lair:5   | Noticed a dire elephant
 14510 | Lair:5   | 14510 ||| INVOKING Heroism.
 14519 | Lair:5   | Gained mutation: Your large and strong wings let you fly.
                  | [Gargoyle growth]
 14519 | Lair:5   | Reached XP level 14. HP: 88/88 MP: 19/21
 14582 | Lair:5   | 14582 ||| Stepping ~*~*~tactically~*~*~ (stealth).
 14584 | Lair:5   | 14584 ||| INVOKING Heroism.
 14656 | Lair:5   | 14656 ||| FLEEEEING.
 14658 | Lair:5   | 14658 ||| FLEEEEING.
 14659 | Lair:5   | 14659 ||| FLEEEEING.
 14660 | Lair:5   | 14660 ||| FLEEEEING.
 14661 | Lair:5   | 14661 ||| FLEEEEING.
 14662 | Lair:5   | 14662 ||| FLEEEEING.
 14748 | Lair:5   | Identified the ring of Xom's Passing Interest {rPois rC+
                  | rN+ Dex+2 Stlth-}
 14824 | Lair:5   | 14824 ||| INVOKING Heroism.
 14922 | Lair:5   | 14922 ||| INVOKING Heroism.
 14931 | Lair:5   | Killed a dire elephant
 14937 | Lair:5   | Killed a dire elephant
 14937 | Lair:5   | HP: 21/90 [dire elephant (11)]
 14938 | Lair:5   | 14938 ||| READING 4 scrolls of teleportation.
 14939 | Lair:5   | 14939 ||| DRINKING 8 potions of heal wounds.
 14940 | Lair:5   | Killed a dire elephant
 14947 | Lair:5   | 14947 ||| INVOKING Heroism.
 14950 | Lair:5   | Reached skill level 12 in Shields
 14950 | Lair:5   | Received a gift from Okawaru
 15144 | Lair:5   | Found a viscous altar of Jiyva.
 15144 | Lair:5   | Found a staircase to the Slime Pits.
 15148 | Lair:5   | 15148 ||| INVOKING Heroism.
 15149 | Lair:5   | 15149 ||| INVOKING Finesse.
 15154 | Lair:5   | 15154 ||| SWAPPING to +4 morningstar.
 15159 | Lair:5   | 15159 ||| SWAPPING to +3 spectral war axe.
 15516 | Lair:5   | 15516 ||| Stepping ~*~*~tactically~*~*~ (stealth).
 15525 | Lair:5   | Received a gift from Okawaru
 15553 | Lair:5   | 15553 ||| Stepping ~*~*~tactically~*~*~ (stealth).
 15756 | Lair:5   | 15756 ||| READING scroll of enchant weapon.
 15756 | Lair:5   | 15756 ||| ENCHANTING +3 spectral war axe.
 15951 | Lair:5   | 15951 ||| Stepping ~*~*~tactically~*~*~ (stealth).
 15968 | Lair:5   | 15968 ||| FLEEEEING.
 15969 | Lair:5   | 15969 ||| FLEEEEING.
 15971 | Lair:5   | 15971 ||| FLEEEEING.
 15972 | Lair:5   | 15972 ||| FLEEEEING.
 15973 | Lair:5   | 15973 ||| FLEEEEING.
 15974 | Lair:5   | 15974 ||| FLEEEEING.
 15975 | Lair:5   | 15975 ||| FLEEEEING.
 15976 | Lair:5   | 15976 ||| FLEEEEING.
 15977 | Lair:5   | 15977 ||| FLEEEEING.
 15978 | Lair:5   | 15978 ||| FLEEEEING.
 15979 | Lair:5   | 15979 ||| FLEEEEING.
 15980 | Lair:5   | 15980 ||| FLEEEEING.
 15981 | Lair:5   | 15981 ||| FLEEEEING.
 15982 | Lair:5   | 15982 ||| FLEEEEING.
 15983 | Lair:5   | 15983 ||| FLEEEEING.
 15984 | Lair:5   | 15984 ||| FLEEEEING.
 15985 | Lair:5   | 15985 ||| FLEEEEING.
 15986 | Lair:5   | 15986 ||| FLEEEEING.
 15987 | Lair:5   | 15987 ||| FLEEEEING.
 15988 | Lair:5   | 15988 ||| FLEEEEING.
 15989 | Lair:5   | 15989 ||| FLEEEEING.
 15990 | Lair:5   | 15990 ||| FLEEEEING.
 15991 | Lair:5   | 15991 ||| FLEEEEING.
 15993 | Lair:5   | 15993 ||| FLEEEEING.
 15994 | Lair:5   | 15994 ||| FLEEEEING.
 15995 | Lair:5   | 15995 ||| FLEEEEING.
 15996 | Lair:5   | 15996 ||| FLEEEEING.
 15997 | Lair:5   | 15997 ||| FLEEEEING.
 15998 | Lair:5   | 15998 ||| FLEEEEING.
 15999 | Lair:5   | 15999 ||| FLEEEEING.
 16000 | Lair:5   | 16000 ||| FLEEEEING.
 16001 | Lair:5   | 16001 ||| FLEEEEING.
 16002 | Lair:5   | 16002 ||| FLEEEEING.
 16003 | Lair:5   | 16003 ||| FLEEEEING.
 16004 | Lair:5   | 16004 ||| FLEEEEING.
 16005 | Lair:5   | 16005 ||| FLEEEEING.
 16006 | Lair:5   | 16006 ||| FLEEEEING.
 16014 | Lair:5   | Reached skill level 3 in Throwing
 16118 | Lair:5   | 16118 ||| PLANNING D:1-11
 16118 | Lair:5   | 16118 ||| UPGRADING to amulet of the acrobat.
 16123 | Lair:5   | 16123 ||| UPGRADING to ring of Xom's Passing Interest
                  | {rPois rC+ rN+ Dex+2 Stlth-}.
 16125 | Lair:5   | 16125 ||| UPGRADING to ring of protection from fire.
 16127 | Lair:5   | 16127 ||| READING 11 scrolls of identify.
 16127 | Lair:5   | 16127 ||| IDENTIFYING brown potion
 16345 | D:11     | 16345 ||| Stepping ~*~*~tactically~*~*~ (hiding).
 16348 | D:11     | 16348 ||| Stepping ~*~*~tactically~*~*~ (hiding).
 16667 | D:11     | 16667 ||| INVOKING Heroism.
 16668 | D:11     | 16668 ||| INVOKING Finesse.
 16955 | D:11     | Identified the +1 short sword of Gauseos {freeze, rElec}
 17154 | D:11     | Noticed Amaemon
 17164 | D:11     | Killed Amaemon
 17167 | D:11     | 17167 ||| DROPPING +4 morningstar.
 17224 | D:11     | 17224 ||| PLANNING D
 17224 | D:11     | 17224 ||| UPGRADING to amulet of regeneration.
 17234 | D:11     | 17234 ||| DROPPING amulet of the acrobat.
 17252 | D:12     | Reached skill level 15 in Axes
 17271 | D:12     | 17271 ||| Stepping ~*~*~tactically~*~*~ (hiding).
 17284 | D:12     | 17284 ||| Stepping ~*~*~tactically~*~*~ (hiding).
 17301 | D:12     | 17301 ||| INVOKING Heroism.
 17306 | D:12     | 17306 ||| Stepping ~*~*~tactically~*~*~ (hiding).
 17308 | D:12     | 17308 ||| Stepping ~*~*~tactically~*~*~ (hiding).
 17364 | D:12     | 17364 ||| Stepping ~*~*~tactically~*~*~ (stealth).
 17379 | D:12     | Reached skill level 3 in Dodging
 17395 | D:12     | Received a gift from Okawaru
 17488 | D:12     | 17488 ||| READING scroll of enchant armour.
 17488 | D:12     | 17488 ||| ENCHANTING +0 helmet.
 17545 | D:12     | 17545 ||| Stepping ~*~*~tactically~*~*~ (hiding).
 17851 | D:12     | 17851 ||| INVOKING Heroism.
 17852 | D:12     | 17852 ||| INVOKING Finesse.
 17859 | D:12     | Reached XP level 15. HP: 94/94 MP: 14/22
 18154 | D:13     | 18154 ||| Stepping ~*~*~tactically~*~*~ (hiding).
 18172 | D:13     | 18172 ||| FLEEEEING.
 18202 | D:13     | 18202 ||| Stepping ~*~*~tactically~*~*~ (hiding).
 18208 | D:13     | Received a gift from Okawaru
 18217 | D:13     | 18217 ||| Stepping ~*~*~tactically~*~*~ (hiding).
 18218 | D:13     | 18218 ||| Stepping ~*~*~tactically~*~*~ (hiding).
 18219 | D:13     | 18219 ||| Stepping ~*~*~tactically~*~*~ (hiding).
 18276 | D:13     | Reached skill level 12 in Fighting
 18307 | D:13     | 18307 ||| Stepping ~*~*~tactically~*~*~ (hiding).
 18318 | D:13     | Received a gift from Okawaru
 18321 | D:13     | 18321 ||| DROPPING +2 antimagic broad axe.
 18341 | D:13     | 18341 ||| Stepping ~*~*~tactically~*~*~ (stealth).
 18342 | D:13     | 18342 ||| Stepping ~*~*~tactically~*~*~ (stealth).
 18367 | D:13     | 18367 ||| Stepping ~*~*~tactically~*~*~ (stealth).
 18524 | D:13     | 18524 ||| READING scroll of acquirement.
 18524 | D:13     | 18524 ||| ACQUIRING +6 ring of strength
 18524 | D:13     | Acquired a +6 ring of strength
 18526 | D:13     | 18526 ||| UPGRADING to +6 ring of strength.
 18805 | D:13     | 18805 ||| DROPPING amulet of magic regeneration.
 18816 | D:14     | Noticed Snorg
 18817 | D:14     | 18817 ||| INVOKING Heroism.
 18834 | D:14     | Killed Snorg
 18899 | D:14     | 18899 ||| FLEEEEING.
 18900 | D:14     | 18900 ||| FLEEEEING.
 18901 | D:14     | 18901 ||| FLEEEEING.
 18902 | D:14     | 18902 ||| FLEEEEING.
 18903 | D:14     | 18903 ||| FLEEEEING.
 18904 | D:14     | 18904 ||| FLEEEEING.
 18905 | D:14     | 18905 ||| FLEEEEING.
 18906 | D:14     | 18906 ||| FLEEEEING.
 18907 | D:14     | 18907 ||| FLEEEEING.
 18908 | D:14     | 18908 ||| FLEEEEING.
 18909 | D:14     | 18909 ||| FLEEEEING.
 18910 | D:14     | 18910 ||| FLEEEEING.
 18911 | D:14     | 18911 ||| STAIRDANCE
 19031 | D:14     | 19031 ||| Stepping ~*~*~tactically~*~*~ (hiding).
 19032 | D:14     | 19032 ||| INVOKING Heroism.
 19064 | D:14     | 19064 ||| DROPPING +1 demon whip of venom.
 19079 | D:14     | 19079 ||| Stepping ~*~*~tactically~*~*~ (stealth).
 19081 | D:14     | 19081 ||| Stepping ~*~*~tactically~*~*~ (hiding).
 19095 | D:14     | 19095 ||| INVOKING Heroism.
 19181 | D:14     | Found a gate to the Vaults.
 19216 | D:14     | 19216 ||| Stepping ~*~*~tactically~*~*~ (hiding).
 19223 | D:14     | 19223 ||| INVOKING Heroism.
 19225 | D:14     | 19225 ||| Stepping ~*~*~tactically~*~*~ (hiding).
 19226 | D:14     | 19226 ||| Stepping ~*~*~tactically~*~*~ (hiding).
 19331 | D:14     | 19331 ||| Stepping ~*~*~tactically~*~*~ (stealth).
 19376 | D:14     | Found a shimmering blue altar of Sif Muna.
 19539 | D:15     | Entered Level 15 of the Dungeon
 19540 | D:15     | 19540 ||| INVOKING Heroism.
 19546 | D:15     | 19546 ||| SWAPPING to +2 war axe of flaming.
 19551 | D:15     | Reached skill level 16 in Axes
 19551 | D:15     | 19551 ||| SWAPPING to +4 spectral war axe.
 19581 | D:15     | 19581 ||| INVOKING Heroism.
 19591 | D:15     | HP: 21/96 [fire dragon (8)]
 19592 | D:15     | 19592 ||| READING 6 scrolls of teleportation.
 19592 | D:15     | HP: 9/96 [fire dragon (6)]
 19593 | D:15     | 19593 ||| DRINKING 7 potions of heal wounds.
 19593 | D:15     | Killed from afar by a fire dragon

Levels and vault maps discovered:
D:1:      mushboom_english_gardens, layout_basic,
          shapermc_ecumenical_altar_mp_ritualfount
D:2:      layout_loops_corners, minmay_randomly_rotated_circles
D:3:      layout_basic
D:4:      layout_layer_cave, grunt_ministairs_2, due_unseen_surprise
D:5:      layout_basic, overflow_temple_1_default, gammafunk_ghost_nasty_kobolds
D:6:      layout_gridville, amethyst_overflow_temple_binary,
          minmay_temple_entry_statues_fountains, serial_shops,
          nicolae_shop_tiny_waterfront, minmay_ruined_shrine
D:7:      layout_basic
D:8:      layout_basic, serial_nicolae_subway, nicolae_sub_station_metal,
          nicolae_sub_station_stone, nicolae_sub_station_crystal, uniq_pikel,
          uniq_gastronok, uniq_psyche
D:9:      layout_irregular_city, lemuel_crystal_altar, st_stairs_1, minivault_16
D:10:     layout_basic, worldfamousw_hep_ancestral_shrine, david_lair_generic,
          orc_0_dummy, serial_shops, shop, shop, uniq_erolcha
D:11:     layout_basic, roderic_lattice_a, uniq_amaemon
D:12:     layout_basic, serial_glass, glass_columns_a, glass_columns_b
D:13:     layout_basic, nicolae_twisting_strands
D:14:     layout_roguey, david_vaults_2, basic_altar, uniq_snorg
D:15:     grunt_enter_depths_hoard, layout_cave_pools, nzn_ghost_randoct,
          hangedman_abyss_or_decor_lesser_grid, nicolae_vehumet_radiance
Temple:   sentei_temple_godly_chess
Lair:1:   layout_concentric_octagons, grunt_megastairs_4
Lair:2:   layout_gridlike, minmay_swamp_entry_wisps, dummy_snake_entry,
          grunt_megastairs_5, uniq_harold
Lair:3:   nzn_winding_woodlands_cross [nzn_winding_woodlands_5x15_longhouse,
          nzn_winding_woodlands_5x15_split_checker,
          nzn_winding_woodlands_5x15_twine, nzn_winding_woodlands_5x15_default,
          nzn_winding_woodlands_15x15_boxy_spiral], layout_chaotic_city,
          infiniplex_staircase_pool
Lair:4:   lemuel_reptile_caves, layout_concentric_octagons,
          gammafunk_ghost_grave, minivault_11, eino_house_with_fridge
Lair:5:   due_jungle_book, layout_layer_cave, slime_entry_1,
          chequers_serial_rivers_marsh

Skill      XL: |  1  2  3  4  5  6  7  8  9 10 11 12 13 14 15 |
---------------+----------------------------------------------+-----
Axes           | 2 3 4 5 6 8 9 10 11 12 14 15 16 | 16.0
Shields        | 4 5 6 7 8 9 10 11 12 | 12.2
Fighting       | 4 5 6 8 9 10 11 12 | 12.0
Dodging        | 1 2 3 |  3.0
Armour         | 5 6 7 8 10 11 | 11.4
Invocations    | 4 5 9 10 | 10.1
Throwing       | 1 2 5 |  5.2

Action                     |  1- 3 |  4- 6 |  7- 9 | 10-12 | 13-15 || total
---------------------------+-------+-------+-------+-------+-------++-------
  Melee: War axe           |    90 |    87 |   172 |   326 |   717 ||  1392
         Morningstar       |       |       |       |       |    33 ||    33
  Throw: Boomerang         |       |       |       |    50 |    80 ||   130
         Javelin           |       |       |       |       |    32 ||    32
 Invoke: Heroism           |       |       |     5 |    17 |    25 ||    47
         Finesse           |       |       |       |       |     4 ||     4
    Use: Scroll            |     7 |     8 |     5 |     6 |     9 ||    35
         Potion            |       |     1 |     1 |     1 |     2 ||     5
   Stab: Distracted        |       |       |     1 |     4 |    11 ||    16
 Armour: Scale mail        |    30 |    24 |       |       |       ||    54
         Chain mail        |       |     3 |    68 |   144 |    91 ||   306
         Plate armour      |       |       |       |       |   281 ||   281
  Dodge: Dodged            |    39 |    19 |    21 |    82 |   170 ||   331
  Block: Buckler           |    15 |     5 |       |       |       ||    20
         Kite shield       |       |    20 |    66 |   128 |   353 ||   567

Table legend:
 A = Non-vault XP
 B = Vault XP
 C = Vault XP percentage of total XP
 D = Non-vault monster count
 E = Vault monster count
 F = Vault count percentage of total count
                 A         B        C        D         E       F
            +---------+---------+-------+---------+---------+-------
      Total |   72675 |   35858 |  33.0 |     385 |     115 |  23.0
            +---------+---------+-------+---------+---------+-------
        D:1 |      25 |       0 |   0.0 |      14 |       0 |   0.0
        D:2 |      90 |      25 |  21.7 |      15 |       6 |  28.6
        D:3 |      86 |       0 |   0.0 |      24 |       0 |   0.0
        D:4 |     186 |       2 |   1.1 |      19 |       1 |   5.0
        D:5 |     448 |       0 |   0.0 |       9 |       0 |   0.0
        D:6 |     976 |     595 |  37.9 |      12 |       9 |  42.9
        D:7 |    1009 |       0 |   0.0 |      14 |       0 |   0.0
        D:8 |    1709 |    2455 |  59.0 |      35 |       3 |   7.9
        D:9 |    2826 |     885 |  23.8 |      24 |       2 |   7.7
       D:10 |    2609 |    1604 |  38.1 |      15 |       5 |  25.0
       D:11 |    4341 |    1173 |  21.3 |      14 |       2 |  12.5
       D:12 |    5199 |       0 |   0.0 |      20 |       0 |   0.0
       D:13 |    7580 |       0 |   0.0 |      23 |       0 |   0.0
       D:14 |    8789 |    3420 |  28.0 |      22 |       4 |  15.4
       D:15 |    1205 |     918 |  43.2 |       2 |       1 |  33.3
     Lair:1 |    2755 |     355 |  11.4 |      11 |       1 |   8.3
     Lair:2 |    5345 |    2607 |  32.8 |      18 |       7 |  28.0
     Lair:3 |    8559 |    4491 |  34.4 |      34 |      12 |  26.1
     Lair:4 |    4351 |    3435 |  44.1 |      15 |      38 |  71.7
     Lair:5 |   14587 |   13893 |  48.8 |      45 |      24 |  34.8
            +---------+---------+-------+---------+---------+-------
